General information
- name: BNet
- type: Ladder 1vs1/FFA
- host: Battle.net
- saver: BEAR_AND
map: CentaurGrove
- players: 2
- length: 24:43
- speed: Fast
- version: 1.24 W3XP
- replay type:

» download(62 KB)
Players
team 1 (winner)
BEAR_AND (
blue | 60 APM | 1479 actions | 24:43)
6 Blademaster
2 Wind Walk
3 Critical Strike
1 Bladestorm
» actions
| Assign group hotkey | 7 | |
| Basic commands | 2 | |
| Build / train | 57 | |
| Enter build submenu | 27 | |
| Enter hero's abilities submenu | 6 | |
| Give item / drop item | 5 | |
| Right click | 1101 | |
| Select / deselect | 180 | |
| Select group hotkey | 22 | |
| Use ability | 72 | |
1479 total
» units
» upgrades
| Ranged Weapons | 3 | |
| Reinforced Defenses | 1 | |
| Liquid Fire | 1 | |
| Armor | 2 | |
7 total
» buildings
| Altar of Storms | 1 | |
| Orc Burrow | 4 | |
| Voodoo Lounge | 1 | |
| War Mill | 1 | |
| Watch Tower | 18 | |
| Stronghold | 4 | |
| Beastiary | 1 | |
| Fortress | 1 | |
| Great Hall | 1 | |
32 total
» build order
00:10 Altar of Storms
00:22 Orc Burrow
00:55 Voodoo Lounge
01:23 War Mill
02:42 Watch Tower
02:44 Watch Tower
02:59 Stronghold
02:59 Stronghold
02:59 Stronghold
03:16 Watch Tower
04:00 Watch Tower
04:03 Orc Burrow
04:04 Orc Burrow
05:05 Watch Tower
05:07 Watch Tower
05:24 Beastiary
05:26 Fortress
06:14 Watch Tower
06:17 Watch Tower
07:12 Orc Burrow
08:17 Watch Tower
09:31 Watch Tower
17:18 Great Hall
17:22 Watch Tower
17:22 Watch Tower
17:23 Watch Tower
17:23 Watch Tower
17:25 Watch Tower
17:25 Watch Tower
17:25 Watch Tower
17:26 Watch Tower
» items
| Healing Salve | 3 | |
| Lesser Clarity Potion | 6 | |
| Boots of Speed | 1 | |
| Orb of Lightning | 1 | |
11 total
team 2 (loser)
Josef (
orange | 29 APM | 710 actions | 24:42)
3 Warden
2 Shadow Strike
1 Blink
» actions
| Assign group hotkey | 10 | |
| Build / train | 47 | |
| Enter build submenu | 16 | |
| Enter hero's abilities submenu | 2 | |
| Remove unit from queue | 4 | |
| Right click | 275 | |
| Select / deselect | 174 | |
| Select group hotkey | 148 | |
| Use ability | 34 | |
710 total
» units
» upgrades
| Strength of the Moon | 1 | |
| Moon Armor | 1 | |
2 total
» buildings
| Altar of Elders | 1 | |
| Moon Well | 6 | |
| Ancient of War | 2 | |
| Ancient of Wonders | 2 | |
| Hunter's Hall | 1 | |
| Tree of Ages | 1 | |
13 total
» build order
00:12 Altar of Elders
00:17 Moon Well
00:22 Ancient of War
02:15 Moon Well
02:23 Moon Well
02:30 Ancient of Wonders
02:57 Moon Well
03:50 Hunter's Hall
04:50 Moon Well
05:32 Ancient of War
05:56 Moon Well
08:30 Tree of Ages
15:17 Ancient of Wonders
» items
| Dust of Appearance | 2 | |
| Lesser Clarity Potion | 1 | |
3 total
Chat log
(03:00 / All) BEAR_AND: HI
(03:03 / All) BEAR_AND: happy halloween
(03:20 / All) Josef: haapy halloweern
(03:33 / All) BEAR_AND: you ok
(03:34 / All) BEAR_AND: ?
(03:54 / All) Josef: im fine
(04:49 / All) BEAR_AND: i see a vision
(04:52 / All) BEAR_AND: you are haunted
(04:57 / All) BEAR_AND: the ghost of an old warrior haunts you
(05:08 / All) Josef: haha
(05:17 / All) BEAR_AND: his name.....kajind.....
(07:20 / All) BEAR_AND: the ghost has arrived
(07:27 / All) BEAR_AND: HAPPY HALLOWEEN
(07:44 / All) BEAR_AND: this is SPOOKY
(07:57 / All) BEAR_AND: and he disappears like he appeared
(08:54 / All) BEAR_AND: you feel a premonition
(09:15 / All) Josef: i do?
(09:19 / All) BEAR_AND: a ghost arrives
(09:22 / All) BEAR_AND: you feel haunted
(10:24 / All) BEAR_AND: the haunting reaches a new level
(10:33 / All) BEAR_AND: the ghost has haunted away all your money
(11:12 / All) BEAR_AND: this haunting is running unchecked
(11:18 / All) BEAR_AND: a single ghost ruins your life
(11:27 / All) Josef: not really
(11:54 / All) BEAR_AND: the ghost has never encountered a victim like this one
(12:45 / All) BEAR_AND: HAPPY HALLOWEEN
(14:08 / All) BEAR_AND: your haunting contunes
(14:11 / All) BEAR_AND: inues
(14:58 / All) BEAR_AND: this ghost will not leave
(15:00 / All) BEAR_AND: you must leave
(16:19 / All) BEAR_AND: you start sweating in your sleep
(16:22 / All) BEAR_AND: could the ghost be back...
(17:58 / All) BEAR_AND: the ghost disappears
(18:03 / All) BEAR_AND: as quickly as he apears
(18:04 / All) BEAR_AND: p
(18:33 / All) BEAR_AND: a single ghost
(18:35 / All) BEAR_AND: your downfall
(18:58 / All) BEAR_AND: the ghost claims his victims
(19:04 / All) BEAR_AND: HAPPY HALLOWEEN
(20:02 / All) BEAR_AND: the ghost gets serious
(20:07 / All) BEAR_AND: HAPPY HALLOWEEN
(20:57 / All) BEAR_AND: one ghost... your downfall
(21:12 / All) BEAR_AND: aweoooo....
(22:20 / All) BEAR_AND: "aweoooo" whispers kajind as he destroys everything
(22:32 / All) BEAR_AND: everything you hold dear "aweooooo"
(23:39 / All) BEAR_AND: a swarm of bats flies forth from hell
(24:32 / All) BEAR_AND: happy halloween........?